 Dungeon Crawl Stone Soup version 0.22.1-1-ga44c0e56f4 (webtiles) character file.

142 havltek the Poker (level 5, -1/50 HPs)
             Began as a Naga Berserker on Sept 30, 2018.
             Was a Follower of Trog.
             Slain by a centaur (4 damage)
             ... on level 4 of the Dungeon.
             The game lasted 00:11:12 (2347 turns).

havltek the Poker (Naga Berserker)                  Turns: 2347, Time: 00:11:13

Health: -1/50      AC:  5    Str: 20    XL:     5   Next: 24%
Magic:  5/5        EV:  9    Int:  8    God:    Trog [*.....]
Gold:   154        SH:  0    Dex: 10    Spells: 4/4 levels left

rFire    . . .     SeeInvis +   a - +0 spear
rCold    . . .     Gourm    .   (no shield)
rNeg     . . .     Faith    .   n - +0 ring mail
rPois    +         Spirit   .   (no helmet)
rElec    .         Reflect  .   (no cloak)
rCorr    .         Harm     .   e - +0 pair of gloves
MR       .....                  (no barding)
Stlth    +.........             (no amulet)
HPRegen  0.16/turn              (no ring)
MPRegen  0.09/turn              (no ring)

@: very slow
A: large, see invisible, deformed body, poison resistance, slowness 2, slow
metabolism 1, spit poison 1, AC +1
a: Spit Poison, Berserk, Renounce Religion


You were on level 4 of the Dungeon.
You worshipped Trog.
Trog was aware of your devotion.
You were not hungry.

You visited 1 branch of the dungeon, and saw 3 of its levels.

You collected 154 gold pieces.

Inventory:

Hand Weapons
 a - a +0 spear (weapon)
 i - a +0 hunting sling
Armour
 b - a +0 animal skin
 e - a +0 pair of gloves (worn)
 g - a +0 leather armour
 k - a +0 pair of boots
 n - a +0 ring mail (worn)
Jewellery
 j - an uncursed ring of protection from cold {unknown}
Wands
 r - a wand of disintegration (10)
Scrolls
 f - 3 scrolls of immolation {unknown}
 m - 2 scrolls of identify {unknown}
 p - a scroll of remove curse {unknown}
 q - a scroll of magic mapping {unknown}
 s - a scroll of teleportation {unknown}
Potions
 d - 2 potions of curing {unknown}
 h - a potion of resistance {unknown}
 l - a potion of degeneration {unknown}
 o - a potion of agility {unknown}
 t - a potion of lignification {unknown}
Comestibles
 c - 5 rations


   Skills:
 + Level 3.7 Fighting
 + Level 4.3 Polearms
 + Level 2.4 Armour
 + Level 2.0 Dodging
 + Level 1.1 Stealth


You had 4 spell levels left.
You didn't know any spells.
Your spell library was empty.

Dungeon Overview and Level Annotations

Branches:
Dungeon (4/15)
 Temple: D:4-7

Altars:
Sif Muna


Innate Abilities, Weirdness & Mutations

You cannot wear boots.
Your serpentine skin is tough. (AC +1)
You have supernaturally acute eyesight. (SInv)
Armour fits poorly on your strangely shaped body.
Your system is resistant to poisons. (rPois)
You cover ground very slowly.
You have a slow metabolism.
You can spit poison.


Message History

You kill the howler monkey!
Trog accepts your kill.
You have reached level 5!
s - a scroll labeled ESUDAO JANAERCHEA
Found a murky purple potion.
t - a murky purple potion A centaur comes into view.
The centaur wields a shortbow.
The centaur shoots an arrow.
The arrow hits you!
The centaur shoots an arrow.
The arrow hits you!
* * * LOW HITPOINT WARNING * * *
You see here 2 arrows.
The centaur shoots an arrow.
The arrow hits you!
* * * LOW HITPOINT WARNING * * *
You see here an arrow.
The centaur shoots an arrow.
The arrow hits you.
* * * LOW HITPOINT WARNING * * *
You see here an arrow.
The centaur unwields an uncursed shortbow.
The centaur hits you.
You die...

##....##...##....##.#..
##....##...##..#........
#....##(..##..##........
#...##.⌠.##..###........
#..####+##...# #...####.
#..........#.####.## #..
#.##########......# #.#
#.##########..##### #.#
#...(((@c.....# ..#
##########....# ...#
#..............
#....###.###..# #......
#..# #....### #..#
#....# #....# #....#


You could see a centaur.

Vanquished Creatures
  2 howler monkeys (D:4)
  An orc wizard (D:4)
  An adder (D:4)
  A dart slug (D:1)
  A leopard gecko (D:1)
  A ball python (D:4)
  3 bats (D:1)
  2 giant cockroaches
  3 goblins (D:1)
  2 hobgoblins (D:1)
  4 jackals (D:2)
  A frilled lizard (D:1)
  2 kobolds (D:1)
  A rat (D:4)
25 creatures vanquished.

Notes
Turn   | Place    | Note
-------+----------+-------------------------------------------
     0 | D:1      | havltek the Naga Berserker began the quest for the Orb.
     0 | D:1      | Reached XP level 1. HP: 21/21 MP: 1/1
   265 | D:1      | Reached XP level 2. HP: 28/28 MP: 2/2
  1229 | D:2      | Reached XP level 3. HP: 19/34 MP: 3/3
  1490 | D:2      | You fall through a shaft for 2 floors!
  1651 | D:4      | Found a deep blue altar of Sif Muna.
  1676 | D:4      | Reached XP level 4. HP: 28/42 MP: 4/4
  1997 | D:4      | Reached skill level 4 in Polearms
  1997 | D:4      | Reached skill level 1 in Stealth
  2327 | D:4      | Reached XP level 5. HP: 39/50 MP: 5/5
  2344 | D:4      | Noticed a centaur
  2347 | D:4      | Slain by a centaur

Skill      XL: |  1  2  3  4 |
---------------+-------------+-----
Armour         | 2 |  2.4
Polearms       | 4 |  4.3
Dodging        | 2 |  2.0
Stealth        | 1 |  1.1
Fighting       | |  3.7

Action                   |  1- 3 |  4- 6 || total
-------------------------+-------+-------++-------
Melee: Spear             |   101 |    31 ||   132
  Eat: Ration            |     1 |       ||     1
Armor: Animal skin       |     1 |       ||     1
       Leather armour    |    39 |       ||    39
       Ring mail         |     4 |    10 ||    14
Dodge: Dodged            |    76 |    11 ||    87
